 Dungeon Crawl Stone Soup version 0.24.0-37-gcf1ca852f1 (webtiles) character file.

Game seed: 13113379384702189937, levelgen mode: deterministic

40 Peloso the Shield-Bearer (level 3, -4/33 HPs)
             Began as a Minotaur Fighter on Dec 6, 2019.
             Slain by Robin
             ... wielding a +6 trident of venom
              (5 damage)
             ... on level 2 of the Dungeon.
             The game lasted 00:01:49 (441 turns).

Peloso the Shield-Bearer (Minotaur Fighter)          Turns: 441, Time: 00:01:49

Health: -4/33      AC:  8    Str: 18 (20) XL:     3   Next: 30%
Magic:  2/2        EV:  7    Int:  2 (5)  God:
Gold:   64         SH:  9    Dex:  5 (8)  Spells: 2/2 levels left

rFire    . . .     SeeInvis .   a - +0 long sword
rCold    . . .     Gourm    .   c - +0 shield
rNeg     . . .     Faith    .   b - +0 scale mail
rPois    .         Spirit   .   (helmet unavailable)
rElec    .         Reflect  .   (no cloak)
rCorr    .         Harm     .   (no gloves)
MR       .....                  e - +0 pair of boots (curse)
Stlth    ..........             (no amulet)
HPRegen  0.11/turn              (no ring)
MPRegen  0.08/turn              (no ring)

@: lethally poisoned (-4 -> -24)
A: retaliatory headbutt, hooves 1, horns 3, clumsy 1, sense surroundings 1
a: no special abilities


You were on level 2 of the Dungeon.
You were not hungry.

You visited 1 branch of the dungeon, and saw 2 of its levels.

You collected 64 gold pieces.

Inventory:

Hand Weapons
 a - a +0 long sword (weapon)
Missiles
 i - 8 boomerangs of dispersal (quivered)
Armour
 b - a +0 scale mail (worn)
 c - a +0 shield (worn)
 e - a cursed +0 pair of boots (worn)
Scrolls
 g - a scroll of teleportation {unknown}
 h - a scroll of identify {unknown}
Potions
 d - a potion of might
Comestibles
 f - 5 rations


   Skills:
 + Level 3.9 Fighting
 + Level 2.8 Long Blades
 + Level 4.0 Armour
 + Level 4.6 Shields


You had 2 spell levels left.
You didn't know any spells.
Your spell library was empty.

Dungeon Overview and Level Annotations

Branches:
Dungeon (2/15)

Altars:

Annotations:
D:2 Robin


Innate Abilities, Weirdness & Mutations

You reflexively headbutt those who attack you in melee.
You have a pair of large horns on your head.
You have large cloven feet.
You are clumsy. (Dex -2)
You passively map a small area around you.


Message History

* * * LOW HITPOINT WARNING * * *
You feel sick.
The hobgoblin no longer looks unusually strong.
The goblin barely misses you.
You riposte.
You barely miss the goblin. You headbutt the goblin.
You kill the goblin!
Robin throws the goblin at you!
* * * LOW HITPOINT WARNING * * *
You block the goblin's attack. x2
* * * LOW HITPOINT WARNING * * *
You feel sick.
Robin roars a battlecry!
The hobgoblins go into a battle-frenzy!
The goblin hits you but does no damage. You block the goblin's attack.
Unknown command.
* * * LOW HITPOINT WARNING * * *
You feel sick.
The goblin no longer looks unusually strong.
Robin hits you from afar with a +6 trident of venom.
You die...

, * ## , , , ...
,,. * * , ..#
,,.., ,, ##*#.#,
, ,... , ,
,,.,#.#, .... , ,
#.#.# r.... , ,
,* #.#.###ggg...
* #,*
#...g@ggg....
#.#####.####g...≈
#.#.......# ≈≈≈
#.......### ≈≈≈
#######.# * *
#.#,# ≈ ≈ ,
#.#.##.. ≈ ≈
####'#...... ≈ ≈
#..........# ≈≈
≈≈


You could see Robin, 5 hobgoblins, 2 goblins and a rat.

Vanquished Creatures
  An ooze (D:1)
  A dart slug (D:1)
  A leopard gecko (D:1)
  A ball python (D:1)
  4 giant cockroaches (D:1)
  5 goblins
  4 hobgoblins (D:1)
  4 bats (D:1)
  2 frilled lizards (D:1)
  4 kobolds (D:1)
  4 rats (D:1)
31 creatures vanquished.

Notes
Turn   | Place    | Note
-------+----------+-------------------------------------------
     0 | D:1      | Peloso the Minotaur Fighter began the quest for the Orb.
     0 | D:1      | Reached XP level 1. HP: 19/19 MP: 0/0
    20 | D:1      | Reached XP level 2. HP: 23/27 MP: 1/1
   284 | D:1      | Reached XP level 3. HP: 32/33 MP: 2/2
   354 | D:1      | Gained mutation: You have a pair of large horns on your
                  | head. [potion of mutation]
   354 | D:1      | Gained mutation: You are clumsy. (Dex -2) [potion of
                  | mutation]
   354 | D:1      | Gained mutation: You passively map a small area around you.
                  | [potion of mutation]
   354 | D:1      | Gained mutation: You have large cloven feet. [potion of
                  | mutation]
   424 | D:2      | Noticed Robin
   441 | D:2      | HP: 1/33 [poisoned by Robin]
   441 | D:2      | Slain by Robin

Levels and vault maps discovered:
D:1:      beargit_arrival_greenhouse, layout_rooms, minmay_quantized
D:2:      layout_basic, grunt_temple_overflow_cloverleaf, first_ration,
          lemuel_altar_in_water, uniq_terence, uniq_robin

Skill      XL: |  1  2  3 |
---------------+----------+-----
Shields        | 4 |  4.6
Armour         | 4 |  4.0
Fighting       | |  3.9
Long Blades    | |  2.8

Action                   || total
-------------------------++-------
Melee: Long sword        ||    63
       Headbutt          ||    11
  Use: Potion            ||     4
Armor: Scale mail        ||    47
Dodge: Dodged            ||    30
Block: Shield            ||    59
       Rpst.: Long sword ||     8
